 Dungeon Crawl Stone Soup version 0.31-a0-816-gd61d57ddb1 (webtiles) character file.

Game seed: 6795117812619942648

390 Leeroy the Slasher (level 6, -1/30 HPs)
             Began as a Vine Stalker Warper on Sept 22, 2023.
             Slain by Pikel
             ... wielding a +0 whip of flaming
              (4 damage)
             ... on level 4 of the Dungeon.
             The game lasted 00:05:51 (2523 turns).

Leeroy the Slasher (Vine Stalker Warper)            Turns: 2523, Time: 00:05:52

Health: -1/30      AC:  3    Str: 19    XL:     6   Next: 80%
Magic:  0/10       EV: 12    Int: 13    God:
Gold:   167        SH:  0    Dex: 16    Spells: 7/9 levels left

rFire   . . .        a - +0 falchion
rCold   . . .        (no shield)
rNeg    . . .        b - +0 leather armour
rPois   .            (no helmet)
rElec   .            (no cloak)
rCorr   .            (no gloves)
SInv    .            (no boots)
Will    .....        (no amulet)
Stlth   +            g - +6 ring of strength
HPRegen 1.05/turn    (no ring)
MPRegen 0.12/turn

%: guardian spirit
@: no status effects
A: fangs 2, regeneration 1, magic shield, antimagic bite, no potion heal 2
a: no special abilities


You were on level 4 of the Dungeon.
You visited 1 branch of the dungeon, and saw 5 of its levels.

You collected 167 gold pieces.

Inventory:

Hand Weapons
 a - a +0 falchion (weapon)
 h - a +0 rapier
 t - a +2 whip of electrocution
Missiles
 d - 7 darts of dispersal
 e - 12 javelins
 r - 10 poisoned darts (quivered)
Armour
 b - a +0 leather armour (worn)
Magical Staves
 o - a staff of cold
Jewellery
 g - a +6 ring of strength (left hand)
Scrolls
 c - a scroll of blinking
 f - 2 scrolls of identify {unknown}
 j - a scroll of enchant weapon {unknown}
 l - a scroll of amnesia {unknown}
 q - a scroll of noise {unknown}
 s - a scroll of fog {unknown}
Potions
 i - a potion of magic {unknown}
 k - a potion of mutation {unknown}
 m - a potion of might {unknown}
 n - 2 potions of heal wounds {unknown}
 p - 2 potions of curing {unknown}
 u - 2 potions of berserk rage {unknown}


   Skills:
 - Level 1.8 Fighting
 + Level 6.1 Long Blades
 - Level 0.8 Throwing
 - Level 0.7 Armour
 - Level 1.7 Dodging
 - Level 2.1 Spellcasting
 - Level 3.4 Translocations


You had 7 spell levels left.
You knew the following spells:

 Your Spells              Type           Power      Damage    Failure   Level
a - Blink                 Tloc           20%        N/A       11%         2

Your spell library contained the following spells:

 Spells                   Type           Power      Damage    Failure   Level
 Lesser Beckoning         Tloc           20%        N/A       11%         2
 Teleport Other           Tloc           10%        N/A       22%         3
 Shock                    Conj/Air       4%         1d3       30%         1
 Sting                    Tmut/Pois      4%         1d3       30%         1
 Poisonous Vapours        Pois/Air       2%         N/A       41%         2
 Manifold Assault         Tloc           10%        N/A       58%         4
 Swiftness                Air            1%         N/A       65%         3
 Vhi's Electric Charge    Tloc/Air       10%        N/A       82%         4
 Airstrike                Air            0%         2d(1-17)  96%         4
 Olgreb's Toxic Radiance  Pois           1%         N/A       96%         4


Dungeon Overview and Level Annotations

Branches:
Dungeon (5/15)
 Temple: D:4-7

Altars:

Annotations:
D:2 Sigmund
D:4 Pikel
D:5 Grinder


Innate Abilities, Weirdness & Mutations

You have extremely sharp teeth.
Your natural rate of healing is unusually fast.
When hurt, damage is shared between your health and your magic reserves.
Your bite disrupts and absorbs the magic of your enemies.
Potions cannot restore your health.


Message History

Pikel hits you with a +0 whip of flaming.
Pikel burns you.
You are too injured to fight recklessly!
You barely miss Pikel. You bite Pikel. You drain his power.
You feel invigorated.
Pikel is heavily wounded.
Pikel says, "You'll make a fine lemure."
Pikel hits you with a +0 whip of flaming.
Pikel burns you.
You hit Pikel.
Pikel is heavily wounded.
Pikel closely misses you.
You barely miss Pikel. You bite Pikel. You drain his power.
You feel invigorated.
Pikel is severely wounded.
Pikel hits you with a +0 whip of flaming.
Pikel burns you.
You barely miss Pikel.
Pikel is severely wounded.
Pikel hits you with a +0 whip of flaming!
* * * LOW HITPOINT WARNING * * *
Pikel burns you.
* * * LOW HITPOINT WARNING * * *
You barely miss Pikel.
Pikel is severely wounded.
Pikel says, "I just want to get paid!"
Pikel hits you with a +0 whip of flaming.
* * * LOW HITPOINT WARNING * * *
Pikel burns you.
* * * LOW HITPOINT WARNING * * *
You hit Pikel but do no damage. You bite Pikel. You drain his power.
You feel invigorated.
Pikel is severely wounded.
Pikel closely misses you.
You hit Pikel but do no damage. You bite Pikel. You drain his power.
You feel invigorated.
Pikel is severely wounded.
Pikel hits you with a +0 whip of flaming!
You die...
Pikel says, "Another soul for the market."

.....####.))†.....#
#..## #.........#
#....##.........#
#.....#.........#
#...............#
#......5.......##
#.....55#.....##
#######K#######
##8###8#@#
.........#
.........#
.........#
##8###8### # ##


You could see Pikel and 3 lemures.

Vanquished Creatures
  A scorpion (D:5)
  A howler monkey (D:5)
  A hound (D:4)
  A sleepcap (D:5)
  Jessica (D:2)
  An orc wizard (D:4)
  2 iguanas (D:5)
  4 adders
  5 dart slugs
  15 orcs
  2 endoplasms
  2 giant cockroaches
  7 goblins
  5 hobgoblins
  4 jackals (D:1)
  11 kobolds
  3 quokkas
  5 ball pythons
  3 bats (D:1)
  5 frilled lizards
  3 rats
82 creatures vanquished.

Notes
Turn   | Place    | Note
-------+----------+-------------------------------------------
     0 | D:1      | Leeroy the Vine Stalker Warper began the quest for the Orb.
     0 | D:1      | Reached XP level 1. HP: 11/11 MP: 4/4
    77 | D:1      | Reached XP level 2. HP: 15/15 MP: 6/6
    92 | D:1      | Reached skill level 2 in Long Blades
   153 | D:1      | Learned a level 2 spell: Blink
   225 | D:1      | Reached XP level 3. HP: 18/18 MP: 7/7
   795 | D:2      | Reached skill level 3 in Long Blades
   889 | D:2      | Found a faded altar of an unknown god.
   926 | D:2      | Noticed Jessica
   953 | D:2      | Killed Jessica
   954 | D:2      | Reached XP level 4. HP: 23/23 MP: 6/8
   985 | D:2      | Noticed Sigmund
  1412 | D:3      | Reached skill level 4 in Long Blades
  1543 | D:3      | Reached XP level 5. HP: 26/26 MP: 7/9
  1859 | D:4      | You fall into a shaft and drop 1 floor!
  1859 | D:5      | Entered Level 5 of the Dungeon
  1930 | D:5      | Reached skill level 5 in Long Blades
  2039 | D:5      | Reached XP level 6. HP: 26/30 MP: 8/10
  2348 | D:5      | Noticed Grinder
  2365 | D:5      | Paralysed by Grinder for 4 turns
  2375 | D:5      | HP: 1/30 [something/magic dart (7)]
  2456 | D:4      | Reached skill level 6 in Long Blades
  2495 | D:4      | Noticed Pikel
  2521 | D:4      | HP: 1/30 [Pikel/+0 whip of flaming (1)]
  2523 | D:4      | Slain by Pikel

Illustrated notes

Levels and vault maps discovered:
D:1:      dpeg_arrival_boxes_within_box, layout_loops_ring
D:2:      layout_rooms, shapermc_ecumenical_altar_totnotflames, uniq_jessica,
          uniq_sigmund
D:3:      layout_loops_ring, grunt_ministairs_6
D:4:      layout_rooms, serial_corexii_hall, corexii_hall_statues_t,
          corexii_hall_statues_i, corexii_hall_statues_x, uniq_edmund,
          uniq_pikel, uniq_menkaure
D:5:      layout_loops_ring, serial_shops, nicolae_diamond_shop, uniq_grinder

Skill      XL: |  1  2  3  4  5  6 |
---------------+-------------------+-----
Long Blades    | 2 3 4 5 6 |  6.1
Fighting       | |  1.8
Throwing       | |  0.8
Armour         | |  0.7
Dodging        | |  1.7
Spellcasting   | |  2.1
Translocations | |  3.4

Action                     |  1- 3 |  4- 6 || total
---------------------------+-------+-------++-------
  Melee: Falchion          |    97 |   177 ||   274
         Bite              |    27 |    53 ||    80
         Punch             |     1 |     1 ||     2
  Throw: Dart              |       |     7 ||     7
   Stab: Sleeping          |     1 |     2 ||     3
 Armour: Leather armour    |    59 |   131 ||   190
  Dodge: Dodged            |    73 |   112 ||   185

Table legend: (Time is in decaauts)
 A = Elapsed time spent in this place.
 B = Non-inter-level travel time spent in this place.
 C = Inter-level travel time spent in this place.
 D = Time resting spent in this place.
 E = Time spent auto-exploring this place.
 F = Levels seen in this place.
 G = Mean time per level.
                   A        B        C        D        E       F      G
               +--------+--------+--------+--------+--------+-----+--------+
         Total |   2547 |   2472 |     75 |      0 |   1709 |   5 |  509.4 |
       Dungeon |   2547 |   2472 |     75 |      0 |   1709 |   5 |  509.4 |
               +--------+--------+--------+--------+--------+-----+--------+

Top non-repeatable levels by time:
     D:1: 789 daAuts
     D:3: 751 daAuts
     D:5: 534 daAuts
     D:2: 330 daAuts
     D:4: 142 daAuts
